Map: Abiogenesis LE

Players

Brandon

  • Race: Zerg Zerg
  • League: Gold
  • Spawn Location: 5:00

Kozzy - Winner!

  • Race: Protoss Protoss
  • League: Gold
  • Spawn Location: 11:00

VOD

Have the link to the VOD?

Description

Time

  • Played on: April 7, 2018, 3:59 a.m.
  • Length: 7:09
Show
View Real Time Build Order
Export as new Build Order

Brandon Zerg 

Build Orders: Pool First 

Get SALT Encoding   

  12  0:17  Spawning Pool  
  11  0:23  Drone  
  11  0:27  Drone  
  13  0:35  Overlord  
  13  0:45  Drone, Extractor  
  13  0:48  Drone  
  14  0:56  Drone  
  15  1:07  Roach Warren  
  15  1:10  Drone  
  15  1:21  Drone  
  16  1:28  Drone  
  17  1:33  Queen  
  19  1:42  Overlord  
  19  1:51  Roach  
  21  2:00  Metabolic Boost  
  21  2:07  Roach  
  23  2:20  Drone  
  24  2:24  Roach  
  26  2:36  Hatchery  
  25  2:40  Drone  
  26  2:45  Roach  
  26  2:47  Zergling x2  
  26  2:50  Zergling x2  
  30  2:58  Overlord  
  30  3:26  Drone x4  
  35  3:27  Drone  
  35  3:31  Lair  
  35  3:34  Overlord  
  35  3:48  Drone  
  36  3:52  Queen  
  38  4:03  Drone  
  38  4:04  Drone x5  
  44  4:11  Overlord  
  44  4:22  Overlord  
  44  4:35  Roach x4  
  52  4:44  Hydralisk Den  
  51  4:56  Drone x4  
  55  5:04  Spine Crawler  
  55  5:05  Extractor  
  53  5:07  Drone  
  53  5:08  Drone  
  53  5:10  Extractor  
  53  5:11  Drone  
  53  5:12  Extractor  
  54  5:23  Drone x3  
  54  5:27  Hatchery  
  56  5:34  Hydralisk x2  
  60  5:36  Overlord  
  60  5:53  Queen  
  60  5:54  Overlord x2  
  62  6:07  Lurker Den  
  61  6:13  Drone, Overlord  
  61  6:14  Drone x4  
  61  6:15  Drone  
  67  6:21  Extractor  
  67  6:22  Extractor  
  59  6:32  Zergling x4  
  49  6:33  Spine Crawler, Zergling x2  
  49  6:34  Spine Crawler  
Show
View Real Time Build Order
Export as new Build Order

Kozzy Protoss - Winner!

Build Orders:  

Get SALT Encoding   

  12  0:01  Probe  
  13  0:13  Probe  
  14  0:20  Pylon  
  14  0:25  Probe  
  15  0:38  Probe (Chrono Boost)  
  15  0:40  Gateway  
  16  0:49  Probe (Chrono Boost), Assimilator  
  17  0:54  Probe (Chrono Boost)  
  18  1:04  Probe  
  19  1:14  Pylon, Assimilator  
  19  1:16  Probe  
  20  1:25  Zealot (Chrono Boost)  
  22  1:36  Cybernetics Core  
  22  1:45  Probe  
  23  1:48  Zealot (Chrono Boost)  
  25  2:09  Pylon, Forge  
  25  2:12  Stalker (Chrono Boost)  
  27  2:19  Warp Gate  
  27  2:23  Shield Battery  
  27  2:26  Probe  
  28  2:40  Protoss Ground Weapons Level 1 (Chrono Boost)  
  28  2:44  Stalker  
  30  2:56  Gateway  
  30  3:01  Pylon  
  30  3:19  Gateway  
  30  3:20  Pylon  
  30  3:24  Stalker  
  32  3:43  Twilight Council  
  32  3:52  Pylon  
  32  3:57  Gateway  
  32  4:13  Charge (Chrono Boost)  
  32  4:16  Pylon  
  32  4:30  Photon Cannon  
  32  4:35  Zealot  
  32  4:37  Stalker x2  
  38  5:04  Zealot x4  
  46  5:25  Stalker x2  
  50  5:29  Stalker  
  52  5:36  Stalker  
  54  5:49  Zealot x2  
  58  5:53  Zealot  
  60  6:15  Nexus  
Tags
 
League
GoldGold
Matchup
PvZ
Opening
Pool First
Spawn Locations
Cross Positions
Add a new tag
Caveats
  • Supply blocks, unpowered buildings, or Contaminate may cause inaccurate times.
  • Supply counts are checked every 10 seconds.